 Dungeon Crawl Stone Soup version 0.29.1-15-g9cfb28693d (webtiles) character file.

Game seed: 15459335240678158045

189 Acheron the Chopper (level 5, -1/46 HPs)
             Began as a Ghoul Gladiator on Apr 16, 2023.
             Slain by a kobold brigand
             ... wielding a +2 dagger of speed
              (9 damage)
             ... on level 4 of the Dungeon.
             The game lasted 00:13:54 (3301 turns).

Acheron the Chopper (Ghoul Gladiator)               Turns: 3301, Time: 00:13:55

Health: -1/46      AC:  8    Str: 24    XL:     5   Next: 68%
Magic:  4/4        EV: 12    Int:  5    God:
Gold:   84         SH:  0    Dex: 10    Spells: 4/4 levels left

rFire   . . .      SeeInvis .   a - +0 war axe
rCold   + . .      Faith    .   (no shield)
rNeg    + + +      Spirit   .   b - +0 leather armour
rPois   ∞          Reflect  .   c - +0 helmet
rElec   .          Harm     .   q - scarf {+Inv}
rCorr   +          Rampage  .   g - +0 pair of gloves
Will    .....                   i - +2 pair of boots
Stlth   +.........              (no amulet)
HPRegen 0.00/turn               j - +6 ring of strength
MPRegen 0.09/turn               m - ring of resist corrosion

@: inhibited regen
A: claws 1, cold resistance 1, negative energy resistance 3, inhibited
regeneration, torment resistance 2, devour on kill
a: Evoke Invisibility


You were on level 4 of the Dungeon.
You visited 1 branch of the dungeon, and saw 4 of its levels.

You collected 84 gold pieces.

Inventory:

Hand Weapons
 a - a +0 war axe (weapon)
 v - a +0 vorpal spear
Missiles
 d - 4 throwing nets (quivered)
 e - 4 javelins
Armour
 b - a +0 leather armour (worn)
 c - a +0 helmet (worn)
 g - a +0 pair of gloves (worn)
 i - a +2 pair of boots (worn)
 o - a +0 chain mail
 q - a scarf of invisibility (worn)
Jewellery
 j - a +6 ring of strength (left hand)
 m - a ring of resist corrosion (right hand)
 t - a ring of fire
Scrolls
 n - a scroll of poison
Potions
 f - a potion of ambrosia
 h - a potion of mutation {unknown}
 k - 2 potions of heal wounds
 l - 2 potions of curing {unknown}
 r - 3 potions of lignification
 s - 2 potions of degeneration {unknown}


   Skills:
 * Level 3.6 Fighting
 * Level 3.7 Axes
 * Level 2.2 Throwing
 + Level 1.1 Armour
 * Level 3.4 Dodging
 * Level 1.4 Stealth
 * Level 0.3 Evocations


You had 4 spell levels left.
You didn't know any spells.
Your spell library contained the following spells:

 Spells                   Type           Power      Damage    Failure   Level
 Ignite Poison            Fire/Tmut/Pois 0%         N/A       88%         3
 Mephitic Cloud           Conj/Pois/Air  0%         N/A       88%         3
 Freezing Cloud           Conj/Ice/Air   0%         6-21      100%        5


Dungeon Overview and Level Annotations

Branches:
Dungeon (4/15)
 Temple: D:4-7

Altars:
Fedhas

Annotations:
D:1 exclusion: downstairs
D:2 Sigmund
D:3 exclusions: downstairs and 2 upstairs
D:4 Menkaure


Innate Abilities, Weirdness & Mutations

You are immune to poison.
You have sharp fingernails.
Your flesh is cold resistant. (rC+)
You are immune to negative energy. (rN+++)
You do not regenerate when monsters are visible.
You are immune to unholy pain and torment.
You thrive by killing the living.


Message History

The kobold brigand shouts!
You hit the gnoll.
You kill the gnoll!
You see here a +0 spear.
An adder comes into view.
The kobold brigand throws a poisoned dart.
The poisoned dart hits you!
You start resting.
A kobold brigand is nearby!
You closely miss the kobold brigand. The kobold brigand barely misses you.
The kobold brigand hits you with a +2 dagger of speed.
You hit the kobold brigand.
The kobold brigand is lightly wounded.
The kobold brigand misses you.
The kobold brigand hits you with a +2 dagger of speed.
You hit the kobold brigand.
The kobold brigand is lightly wounded.
The kobold brigand hits you with a +2 dagger of speed.
The kobold brigand barely misses you.
You slash the kobold brigand!
The kobold brigand is heavily wounded.
The kobold brigand hits you with a +2 dagger of speed. x2
You hit the kobold brigand.
The kobold brigand is heavily wounded.
The kobold brigand closely misses you.
The kobold brigand hits you with a +2 dagger of speed.
A jelly comes into view.
The jelly quivers.
You hit the kobold brigand.
The kobold brigand is severely wounded.
The kobold brigand barely misses you.
The kobold brigand hits you with a +2 dagger of speed!
* * * LOW HITPOINT WARNING * * *
You barely miss the kobold brigand.
The kobold brigand is severely wounded.
The kobold brigand misses you. The kobold brigand barely misses you.
You miss the kobold brigand.
The kobold brigand is severely wounded.
The kobold brigand hits you with a +2 dagger of speed!
You die...

#### ###...####
.. ##.......)#
... ........<.##
#.## .......)...#
.... ........@###
.... .......K####
...# .......§.).#
...#
#.≈≈≈≈≈≈≈........
...# .
#...≈≈§§§≈.......
...# ..
..8§J§._≈≈.......
.#.#...
...§§≈≈≈§≈...K...
.#...#
..≈§≈≈≈≈§........
....#
.....?......##.:.


You could see a kobold brigand and a jelly.

Vanquished Creatures
  A hound (D:3)
  An orc priest (D:2)
  4 gnolls
  3 adders
  A dart slug (D:2)
  7 orcs
  5 ball pythons
  2 endoplasms (D:1)
  3 giant cockroaches
  3 goblins
  4 hobgoblins
  4 kobolds
  5 quokkas
  5 bats
  5 frilled lizards
  7 rats
60 creatures vanquished.

Notes
Turn   | Place    | Note
-------+----------+-------------------------------------------
     0 | D:1      | Acheron the Ghoul Gladiator began the quest for the Orb.
     0 | D:1      | Reached XP level 1. HP: 17/17 MP: 0/0
   298 | D:1      | Reached XP level 2. HP: 21/25 MP: 1/1
   688 | D:1      | You fall into a shaft and drop 1 floor!
   712 | D:2      | Noticed Sigmund
   733 | D:1      | Reached XP level 3. HP: 20/31 MP: 2/2
  1509 | D:4      | Found a blossoming altar of Fedhas.
  1527 | D:3      | Reached XP level 4. HP: 34/38 MP: 3/3
  1846 | D:4      | Noticed Menkaure
  1852 | D:3      | Found a faded altar of an unknown god.
  1868 | D:3      | Reached skill level 1 in Stealth
  1986 | D:4      | Noticed an ogre
  2498 | D:2      | Reached XP level 5. HP: 27/45 MP: 4/4
  3196 | D:3      | Reached skill level 1 in Armour
  3283 | D:4      | Noticed a kobold brigand
  3301 | D:4      | Slain by a kobold brigand

Illustrated notes

Levels and vault maps discovered:
D:1:      erik_arrival_cave_to_civilisation [erik_arrival_cave_to_hall],
          layout_basic
D:2:      cheibrodos_pilgrimage, layout_basic, uniq_sigmund
D:3:      layout_basic, ebering_ecumenical_altar_mist
D:4:      layout_cave_pools, mainiacjoe_overflow_catwalk, grunt_dithmenos_smoke,
          uniq_menkaure, uniq_eustachio

Skill      XL: |  1  2  3  4  5 |
---------------+----------------+-----
Dodging        | 3 |  3.4
Fighting       | 3 |  3.6
Axes           | 3 |  3.7
Throwing       | 2 |  2.2
Stealth        | 1 |  1.4
Armour         | 1 |  1.1
Evocations     | |  0.3

Action                   |  1- 3 |  4- 6 || total
-------------------------+-------+-------++-------
Melee: War axe           |    93 |    88 ||   181
       Punch             |       |     1 ||     1
  Use: Scroll            |     7 |     6 ||    13
       Potion            |       |     2 ||     2
 Stab: Sleeping          |     1 |       ||     1
Armor: Leather armour    |    53 |    47 ||   100
Dodge: Dodged            |   102 |    70 ||   172
